 Dungeon Crawl Stone Soup version 0.24.0-35-gdb84b6a5db (webtiles) character file.

Game seed: 12873156404215159502, levelgen mode: deterministic

1311 Curus the Basher (level 8, -1/64 HPs)
             Began as a Minotaur Fighter on Nov 20, 2019.
             Was a Follower of Trog.
             Succumbed to a killer bee's poison
             ... on level 6 of the Dungeon.
             The game lasted 00:29:13 (5351 turns).

Curus the Basher (Minotaur Fighter)                 Turns: 5351, Time: 00:29:14

Health: -1/64      AC: 15    Str: 24    XL:     8   Next: 32%
Magic:  7/7        EV:  5    Int: 10    God:    Trog [*.....]
Gold:   282        SH:  9    Dex: 10    Spells: 7/7 levels left

rFire    + . .     SeeInvis .   a - +1 flail
rCold    . . .     Gourm    .   c - +0 shield
rNeg     + . .     Faith    +   n - +0 chain mail
rPois    .         Spirit   .   (helmet restricted)
rElec    .         Reflect  .   (no cloak)
rCorr    .         Harm     .   q - +2 pair of gloves {Str+3}
MR       .....                  x - +2 pair of boots
Stlth    ..........             v - amulet of the Devil {Faith Int+3}
HPRegen  0.20/turn              g - ring of protection from fire
MPRegen  0.10/turn              t - ring of positive energy

@: lethally poisoned (-1 -> -8), berserk cooldown, slowed, very slow
A: retaliatory headbutt, claws 1, horns 2, wild magic 1
a: Berserk, Renounce Religion


You were on level 6 of the Dungeon.
You worshipped Trog.
Trog was aware of your devotion.
You were not hungry.

You visited 2 branches of the dungeon, and saw 8 of its levels.

You collected 366 gold pieces.
You spent 84 gold pieces at shops.

Inventory:

Hand Weapons
 a - a +1 flail (weapon)
Armour
 b - a +0 scale mail
 c - a +0 shield (worn)
 n - a +0 chain mail (worn)
 q - a +2 pair of gloves of strength (worn)
 x - a +2 pair of boots (worn)
Jewellery
 g - a ring of protection from fire (left hand)
 j - an uncursed ring of protection from fire
 l - a +3 ring of dexterity
 o - an uncursed amulet of the acrobat
 s - an uncursed ring of resist corrosion
 t - a ring of positive energy (right hand)
 v - the amulet of the Devil (around neck) {Faith Int+3}
   (You found it on level 6 of the Dungeon)

   [amulet of faith]

   It allows you to gain divine favour quickly.
   It affects your intelligence (+3).
Wands
 i - a wand of flame (12)
 p - a wand of iceblast (10)
Scrolls
 e - a scroll of magic mapping
 h - 9 scrolls of identify
 m - 5 scrolls of teleportation
 r - a scroll of remove curse
 w - a scroll of fog
Potions
 d - a potion of might
 k - 2 potions of haste
Comestibles
 f - 16 rations


   Skills:
 - Level 3.6 Fighting
 + Level 12.0 Maces & Flails
 - Level 3.6 Armour
 - Level 3.6 Shields


You had 7 spell levels left.
You didn't know any spells.
Your spell library was empty.

Dungeon Overview and Level Annotations

Branches:
Dungeon (7/15)             Temple (1/1) D:4

Altars:
Elyvilon
Fedhas
Gozag
Qazlal
Trog
Uskayaw
Yredelemnul

Shops:
D:5 ?

Annotations:
D:7 Joseph, Pikel


Innate Abilities, Weirdness & Mutations

You reflexively headbutt those who attack you in melee.
You have a pair of horns on your head.
You have sharp fingernails.
Your spells are a little harder to cast, but a little more powerful.


Message History

You are exhausted.
You feel yourself slow down. The killer bee barely misses you.
You furiously retaliate!
You headbutt the killer bee!
You kill the killer bee!
Trog accepts your kill.
Your Maces & Flails skill increases to level 12!
Okay, then.
Unknown command.
Okay, then.
Unknown command.
You eat one of the 17 rations.
That ration really hit the spot!
* * * LOW HITPOINT WARNING * * *
You feel sick.
* * * LOW HITPOINT WARNING * * *
You feel sick.
* * * LOW HITPOINT WARNING * * *
You feel sick.
* * * LOW HITPOINT WARNING * * *
You feel sick.
You die...

#...........#......#
#...........#......#
#....########......#
#....#.............#
#....#....†>.......#
#######.....†.......#####
#........................
#.............######.....
#....>..@.....# #.....
#.............# #.....
#.............# #.....
#.............# #.....
####'#^.......# #.....
#...#........# ######
#...#........#
#...#........#
#?..#...<....#


There were no monsters in sight!

Vanquished Creatures
  A komodo dragon (D:6)
  An ice beast (D:5)
  A black bear (D:6)
  A phantom (D:4)
  A bullfrog (D:3)
  A water moccasin skeleton (D:5)
  3 killer bees (D:6)
  A howler monkey (D:4)
  A jelly (D:6)
  2 crimson imps (D:5)
  A hound (D:6)
  An orc priest (D:6)
  A centaur skeleton (D:6)
  2 iguanas
  2 worker ants
  A mummy (D:5)
  A howler monkey skeleton (D:6)
  5 adders
  An ooze (D:2)
  An adder zombie (D:5)
  3 worms
  5 dart slugs
  6 leopard geckos
  13 orcs
  8 giant cockroaches
  9 hobgoblins
  8 jackals
  6 bats
  6 frilled lizards
  5 goblins
  8 kobolds
  A kobold zombie (D:5)
  3 orc zombies (D:5)
  7 rats
  A spectral orc (D:4)
118 creatures vanquished.

Notes
Turn   | Place    | Note
-------+----------+-------------------------------------------
     0 | D:1      | Curus the Minotaur Fighter began the quest for the Orb.
     0 | D:1      | Reached XP level 1. HP: 19/19 MP: 0/0
   208 | D:1      | Reached skill level 3 in Maces & Flails
   307 | D:1      | Reached XP level 2. HP: 26/26 MP: 1/1
   475 | D:1      | Reached skill level 4 in Maces & Flails
   657 | D:1      | Reached XP level 3. HP: 31/31 MP: 2/2
  1221 | D:2      | Reached skill level 5 in Maces & Flails
  1295 | D:2      | Reached XP level 4. HP: 35/39 MP: 3/3
  1363 | D:2      | Found a white marble altar of Elyvilon.
  1907 | D:3      | Gained mutation: You are frail. (-10% HP) [potion of
                  | mutation]
  1907 | D:3      | Gained mutation: You have sharp fingernails. [potion of
                  | mutation]
  1907 | D:3      | Gained mutation: You are somewhat resistant to further
                  | mutation. [potion of mutation]
  1973 | D:3      | Noticed a bullfrog
  1976 | D:3      | Killed a bullfrog
  1976 | D:3      | Reached skill level 6 in Maces & Flails
  1976 | D:3      | Reached XP level 5. HP: 40/40 MP: 4/4
  1979 | D:3      | Found a faded altar of an unknown god.
  2207 | D:4      | Found a staircase to the Ecumenical Temple.
  2241 | Temple   | Entered the Ecumenical Temple
  2279 | Temple   | Became a worshipper of Trog the Wrathful
  2367 | D:4      | Found an opulent altar of Gozag.
  2508 | D:4      | Reached skill level 7 in Maces & Flails
  2617 | D:4      | Found a basalt altar of Yredelemnul.
  2717 | D:4      | Noticed a phantom
  2749 | D:4      | Killed a phantom
  2749 | D:4      | Reached skill level 8 in Maces & Flails
  2749 | D:4      | Reached XP level 6. HP: 12/45 MP: 5/5
  3241 | D:5      | Entered Level 5 of the Dungeon
  3288 | D:5      | Noticed an ice beast
  3605 | D:5      | Found Xoonk's Magic Scroll Boutique.
  3623 | D:5      | Bought a scroll of teleportation for 42 gold pieces
  3623 | D:5      | Bought a scroll of teleportation for 42 gold pieces
  3634 | D:5      | Found a basalt altar of Yredelemnul.
  3719 | D:5      | Reached skill level 9 in Maces & Flails
  3746 | D:5      | Identified a scroll of acquirement
  3906 | D:5      | Reached XP level 7. HP: 50/51 MP: 6/6
  3986 | D:5      | Reached * piety under Trog
  4132 | D:6      | Reached skill level 10 in Maces & Flails
  4195 | D:6      | Noticed a komodo dragon
  4203 | D:6      | Killed a komodo dragon
  4203 | D:6      | Reached skill level 11 in Maces & Flails
  4203 | D:6      | Reached XP level 8. HP: 10/57 MP: 7/7
  4509 | D:6      | Got a scorched ruby amulet
  4970 | D:6      | Identified the amulet of the Devil {Faith Int+3} (You found
                  | it on level 6 of the Dungeon)
  5042 | D:7      | Noticed Joseph
  5046 | D:7      | Noticed Pikel
  5319 | D:6      | Lost mutation: You are frail. (-10% HP) [potion of
                  | mutation]
  5319 | D:6      | Lost mutation: You are somewhat resistant to further
                  | mutation. [potion of mutation]
  5319 | D:6      | Gained mutation: You expend magic power (3 MP) to
                  | strengthen your wands. [potion of mutation]
  5319 | D:6      | Lost mutation: You expend magic power (3 MP) to strengthen
                  | your wands. [potion of mutation]
  5319 | D:6      | Gained mutation: Your spells are a little harder to cast,
                  | but a little more powerful. [potion of mutation]
  5346 | D:6      | Reached skill level 12 in Maces & Flails
  5348 | D:6      | HP: 2/64 [poisoned by a killer bee]
  5351 | D:6      | Succumbed to a killer bee's poison

Levels and vault maps discovered:
D:1:      dpeg_chamrin_arrival_tetris, layout_loops_corners, bh_walls_and_bars
D:2:      kennysheep_big_flooded_room, layout_basic, elyvilon_altar_1
D:3:      layout_basic, first_ration, chequers_ecumenical_altar_island
D:4:      layout_gridville, yredelemnul_forgotten_temple_becter,
          minmay_temple_entry_grid, roderic_serpentine_path, minmay_misc_feat_x,
          nicolae_gozag_seed_capital
D:5:      layout_cave_pools, serial_shops, nicolae_shop_stone, basic_altar,
          minmay_mini_ossuary
D:6:      minmay_thick_lines, layout_gridville
D:7:      layout_loops_ring, enter_ossuary_3, uniq_pikel, uniq_joseph
Temple:   dpeg_five_rooms_temple

Skill      XL: |  1  2  3  4  5  6  7  8 |
---------------+-------------------------+-----
Maces & Flails | 3 4 5 6 8 9 11 12 | 12.0
Fighting       | |  3.6
Armour         | |  3.6
Shields        | |  3.6

Action                   |  1- 3 |  4- 6 |  7- 9 || total
-------------------------+-------+-------+-------++-------
Melee: Flail             |   128 |   167 |    80 ||   375
       Headbutt          |    10 |    27 |     8 ||    45
Invok: Berserk           |       |       |     2 ||     2
Evoke: Wand              |       |       |     4 ||     4
  Use: Scroll            |     5 |     5 |     2 ||    12
       Potion            |     2 |     2 |     3 ||     7
  Eat: Chunk             |     1 |     5 |     5 ||    11
       Ration            |       |     1 |     1 ||     2
Armor: Scale mail        |    43 |    37 |       ||    80
       Chain mail        |       |    27 |    53 ||    80
Dodge: Dodged            |    28 |    28 |    22 ||    78
Block: Shield            |    53 |    64 |    35 ||   152
